 Dungeon Crawl Stone Soup version 0.27.0-1-g7a089689b8 (webtiles) character file.

Game seed: 8036797008446761435

29 theswoord the Twirler (level 3, 0/27 HPs)
             Began as a Demonspawn Gladiator on Aug 5, 2021.
             Succumbed to an adder's poison
             ... on level 1 of the Dungeon.
             The game lasted 00:01:43 (1275 turns).

theswoord the Twirler (Demonspawn Gladiator)        Turns: 1275, Time: 00:01:44

Health: 0/27       AC:  3    Str: 15    XL:     3   Next: 1%
Magic:  3/3        EV: 12    Int:  9    God:
Gold:   54         SH:  0    Dex: 14    Spells: 2/2 levels left

rFire    . . .     SeeInvis .   (no weapon)
rCold    . . .     Faith    .   (no shield)
rNeg     . . .     Spirit   .   b - +0 leather armour
rPois    .         Reflect  .   (helmet restricted)
rElec    .         Harm     .   (no cloak)
rCorr    .         Rampage  .   (no gloves)
Will     .....                  (no boots)
Stlth    +.........             (no amulet)
HPRegen  0.09/turn              (no ring)
MPRegen  0.08/turn              (no ring)

@: lethally poisoned (0 -> -3)
A: antennae 1, talons 1
a: no special abilities


You were on level 1 of the Dungeon.
You visited 1 branch of the dungeon, and saw 2 of its levels.

You collected 54 gold pieces.

Inventory:

Hand Weapons
 a - a +0 quarterstaff
Missiles
 d - 3 throwing nets (quivered)
Armour
 b - a +0 leather armour (worn)
 c - a +0 helmet
Scrolls
 f - 2 scrolls of identify {unknown}
 h - a scroll of amnesia {unknown}
Potions
 e - a potion of cancellation {unknown}
 g - a potion of invisibility {unknown}


   Skills:
 + Level 2.0 Fighting
 - Level 3.8 Staves
 - Level 1.7 Throwing
 + Level 0.0 Armour
 + Level 2.6 Dodging
 * Level 0.0 Unarmed Combat


You had 2 spell levels left.
You didn't know any spells.
Your spell library was empty.

Dungeon Overview and Level Annotations

Branches:
Dungeon (2/15)

Altars:
Xom


Innate Abilities, Weirdness & Mutations

You have a pair of small antennae on your head.
You have sharp toenails.


Message History

The adder is lightly wounded.
The adder bites you.
You closely miss the adder.
The adder is lightly wounded.
The adder bites you.
You are poisoned.
The adder poisons you!
You hit the adder but do no damage. You claw the adder.
The adder is moderately wounded.
You feel sick. The adder closely misses you. The adder bites you.
You barely miss the adder. You claw the adder, but do no damage.
The adder is lightly wounded.
You feel sick. The adder bites you.
You closely miss the adder. Your kick misses the adder.
The adder is lightly wounded.
You feel sick. The adder bites you.
* * * LOW HITPOINT WARNING * * *
You barely miss the adder.
The adder is lightly wounded.
You feel sick. The adder bites you.
* * * LOW HITPOINT WARNING * * *
You are more poisoned.
The adder poisons you!
You barely miss the adder.
The adder is lightly wounded.
You feel sick. The adder bites you but does no damage.
The adder barely misses you.
You barely miss the adder. Your kick misses the adder.
The adder is lightly wounded.
* * * LOW HITPOINT WARNING * * *
You feel sick. The adder bites you.
* * * LOW HITPOINT WARNING * * *
You closely miss the adder.
The adder is lightly wounded.
* * * LOW HITPOINT WARNING * * *
You feel sick. The adder bites you.
* * * LOW HITPOINT WARNING * * *
You barely miss the adder. You claw the adder.
The adder is heavily wounded.
You die...

#...#### ♣.♣♣ ♣ #######.#.##.##
♣.♣ #.........##..# ♣.♣
#.##.#####>.### ♣.♣♣ ♣
#.##.#####..### ♣.8♣♣♣♣
#.##......##..###♣......
#.#####.#.##.#..#.♣♣♣♣♣♣
#....##.S.#####.'##### #
#######.##@(......##....# # #####
#.......######.##..#....### ....#
#.†........................
###.###......######.####..##'#.##
#...................#####....#...
#...###......#........# #.:#....#
##############.#####..# #..#.##.#
##...............##...# #..#)##.#
.#################....# ##.#.##.#


You could see an adder.

Vanquished Creatures
  4 dart slugs
  A bat (D:1)
  2 endoplasms (D:1)
  A giant cockroach (D:1)
  A hobgoblin (D:1)
  A quokka (D:1)
  4 ball pythons
  A frilled lizard (D:1)
  2 goblins
  2 kobolds (D:1)
  3 rats (D:1)
22 creatures vanquished.

Notes
Turn   | Place    | Note
-------+----------+-------------------------------------------
     0 | D:1      | theswoord the Demonspawn Gladiator began the quest for the
                  | Orb.
     0 | D:1      | Reached XP level 1. HP: 16/16 MP: 1/1
    97 | D:1      | Reached skill level 3 in Staves
   144 | D:1      | Found a faded altar of an unknown god.
   242 | D:1      | Gained mutation: You have sharp toenails. [demonic
                  | ancestry]
   242 | D:1      | Reached XP level 2. HP: 18/22 MP: 2/2
   579 | D:1      | Found a shimmering altar of Xom.
  1230 | D:2      | Gained mutation: You have a pair of small antennae on your
                  | head. [demonic ancestry]
  1230 | D:2      | Reached XP level 3. HP: 27/27 MP: 3/3
  1274 | D:1      | HP: 1/27 [adder (3)]
  1275 | D:1      | Succumbed to an adder's poison

Skill      XL: |  1 |
---------------+----+-----
Staves         | 3 |  3.8
Fighting       | |  2.0
Throwing       | |  1.7
Dodging        | |  2.6

Action                   || total
-------------------------++-------
Melee: Quarterstaff      ||    39
       Kick              ||     9
       Unarmed           ||    10
 Stab: Sleeping          ||     1
Armor: Leather armour    ||    16
Dodge: Dodged            ||    22

Levels and vault maps discovered:
D:1:      denvon_arrival_planthouse, layout_basic, basic_ecumenical_altar,
          hangedman_glass_teeth, serial_bayou_pond_a, chequers_jeans,
          kennysheep_pointless_box, grunt_decor_mini_mirrors, st_stairs_7,
          minmay_hexomino_r4
D:2:      layout_basic, hangedman_abyss_or_decor_stabs, uniq_jessica
